 Dungeon Crawl Stone Soup version 0.21.0 (webtiles) character file.

171 digijack the Covered (level 5, -2/45 HPs)
             Began as a Ghoul Wanderer on Jan 4, 2018.
             Was a Believer of Wu Jian.
             Slain by a river rat (4 damage)
             ... in a sewer on Jan 6, 2018.
             The game lasted 00:28:07 (2924 turns).

digijack the Covered (Ghoul Wanderer)               Turns: 2924, Time: 00:28:08

Health: -2/45      AC:  9    Str: 15    XL:     5   Next: 51%
Magic:  4/4        EV: 10    Int:  8    God:    Wu Jian [**....]
Gold:   122        SH:  0    Dex: 13    Spells: 4/4 levels left

rFire    . . .     SeeInvis .     - Unarmed
rCold    + . .     Gourm    .   (no shield)
rNeg     + + +     Faith    .   a - +2 scale mail
rPois    ∞         Spirit   .   (no helmet)
rElec    .         Reflect  .   (no cloak)
rCorr    .         Harm     .   (no gloves)
MR       .....                  (no boots)
Stlth    +.........             (no amulet)
HPRegen  0.00/turn              i - +4 ring of dexterity
MPRegen  0.09/turn              (no ring)

@: rotting, very slow
A: rotting body, claws 1, carnivore, cold resistance 1, negative energy
resistance 3, inhibited regeneration, torment resistance, unbreathing
a: Wall Jump, Renounce Religion


You were in a sewer.
You worshipped Wu Jian.
Wu Jian was pleased with you.
You were not hungry.

You visited 1 branch of the dungeon, and saw 3 of its levels.
You also visited: Sewer.

You collected 122 gold pieces.

Inventory:

Armour
 a - a +2 scale mail (worn)
Jewellery
 i - a +4 ring of dexterity (left claw)
Scrolls
 f - a scroll of identify
 g - 5 scrolls of remove curse
Potions
 e - a potion of invisibility
 h - a potion of flight
 j - a potion of brilliance
Comestibles
 c - 7 chunks of flesh
 d - 3 rations


   Skills:
 + Level 3.2 Fighting
 + Level 5.9 Armour
 + Level 1.8 Dodging
 + Level 2.8 Stealth
   Level 1.0 Shields
 + Level 2.2 Unarmed Combat


You had 4 spell levels left.
You didn't know any spells.

Dungeon Overview and Level Annotations

Branches:
Dungeon (3/15)

Altars:
Ashenzari
Wu Jian
The Shining One


Innate Abilities, Weirdness & Mutations

Your body is rotting away.
You thrive on raw meat.
You are immune to poison.
You have sharp fingernails.
You are carnivorous and can eat meat at any time.
Your flesh is cold resistant. (rC+)
You are immune to negative energy. (rN+++)
You do not regenerate when monsters are visible.
You are immune to unholy pain and torment.
You can survive without breathing.


Message History

You spin and attack the river rat.
You scratch the river rat.
The river rat is lightly wounded.
The river rat bites you. The river rat barely misses you.
The rat closely misses you.
The rat twitches its whiskers.
The river rat bites you.
* * * LOW HITPOINT WARNING * * *
You spin and attack the river rat.
You barely miss the river rat.
The river rat bites you but does no damage.
You enter the shallow water.
Moving in this stuff is going to be slow.
The river rat bites you!
* * * LOW HITPOINT WARNING * * *
The river rat bites you but does no damage.
You see here a rat skeleton.
The river rat barely misses you.
You scratch the river rat.
The river rat is heavily wounded.
The river rat bites you.
You die...

#≈≈≈≈≈≈# #≈≈≈≈≈≈#
#≈≈≈≈≈ #≈≈≈≈≈≈#
#≈≈≈≈≈≈# #≈≈÷≈≈
#≈≈≈≈≈≈# #≈≈≈≈≈≈#
#≈≈≈≈≈ #≈≈≈≈≈≈#
#≈≈≈≈≈≈# #≈≈≈≈≈
#≈†≈≈≈≈# #≈≈≈≈≈≈#
#≈.≈≈≈ #≈≈.=≈≈#
#.≈≈≈≈≈# #≈≈≈≈≈
#≈r≈≈≈≈# #≈≈≈≈≈≈#
#≈≈≈≈. #≈≈≈≈≈≈#
#≈≈≈≈≈≈# #≈≈#≈≈
#≈≈≈≈≈≈# #≈@#≈≈≈#
#≈≈≈#≈ #≈≈≈≈≈≈#
#≈#r÷≈≈# #≈≈≈≈≈
#≈≈r≈r≈# #≈≈≈≈≈≈#
#≈≈≈≈≈ #≈≈≈≈≈≈#
#≈≈≈≈≈≈# #≈≈≈≈≈
#≈r≈≈≈≈# #≈≈r≈≈≈#
#≈≈≈≈≈ #≈≈≈≈≈≈#####
#≈≈r≈≈≈# #≈≈≈≈≈
##≈≈≈≈###..# #.≈≈≈≈##
##≈≈≈≈
#...r..##..###......#
#.....
##......##'##......##
#..∩∩.


You could see a river rat and 2 rats.

Vanquished Creatures
  A worker ant (D:2)
  3 adders
  A river rat (Sewer)
  2 worms
  2 dart slugs
  3 leopard geckos
  6 ball pythons
  3 giant cockroaches
  8 hobgoblins
  7 jackals
  6 kobolds
  A quokka (D:2)
  7 bats
  4 frilled lizards
  18 goblins
  33 rats
105 creatures vanquished.

Notes
Turn   | Place    | Note
-------+----------+-------------------------------------------
     0 | D:1      | digijack the Ghoul Wanderer began the quest for the Orb.
     0 | D:1      | digijack set off with: a +2 scale mail, a +0 hand axe, a +0 spear, a ration
     0 | D:1      | Reached XP level 1. HP: 17/17 MP: 0/0
    27 | D:1      | Reached XP level 2. HP: 13/25 MP: 1/1
   314 | D:1      | Reached skill level 1 in Unarmed Combat
   447 | D:1      | Reached XP level 3. HP: 30/30 MP: 2/2
   989 | D:2      | Reached skill level 1 in Dodging
  1000 | D:2      | Reached XP level 4. HP: 9/37 MP: 3/3
  1231 | D:2      | Upgraded the game from 0.21-b1-21-g86478ac to 0.21-b1-23-g1fb0a74
  1318 | D:2      | Upgraded the game from 0.21-b1-23-g1fb0a74 to 0.21.0
  1340 | D:2      | Found a glowing golden altar of the Shining One.
  1498 | D:2      | Found a faded altar of an unknown god.
  1517 | D:2      | Found an ornate altar of the Wu Jian Council.
  1525 | D:2      | Became a worshipper of the Wu Jian Council
  2138 | D:3      | Found a shattered altar of Ashenzari.
  2306 | D:3      | Reached * piety under Wu Jian
  2306 | D:3      | Reached XP level 5. HP: 45/45 MP: 4/4
  2545 | D:3      | Found a glowing drain.
  2555 | Sewer    | Entered a sewer
  2829 | Sewer    | Reached ** piety under Wu Jian
  2920 | Sewer    | HP: 2/45 [river rat (8)]
  2924 | Sewer    | Slain by a river rat

Skill      XL: |  1  2  3  4  5 |
---------------+----------------+-----
Unarmed Combat | 1 2 |  2.2
Dodging        | 1 |  1.8
Stealth        | 2 |  2.8
Fighting       | 3 |  3.2
Armour         | |  5.9
Shields        | |  1.0

Action                   |  1- 3 |  4- 6 || total
-------------------------+-------+-------++-------
Melee: Hand axe          |   129 |    55 ||   184
       Unarmed           |       |   218 ||   218
       Punch             |       |     3 ||     3
Invok: Lunge             |       |     4 ||     4
       Whirlwind         |       |     9 ||     9
  Use: Scroll            |     5 |     3 ||     8
       Potion            |       |     5 ||     5
  Eat: Chunk             |     3 |     4 ||     7
Armor: Scale mail        |    98 |   154 ||   252
Dodge: Dodged            |    83 |   155 ||   238
